Cogmind - Beta 9.4 @@@ ROGUE MODE // 2020.01.29 @ 10:31:44 // Winter2019/RPGLIKE Player: Nalzok Result: Destroyed by G-47 Trooper with Particle Gun Performance ------------- Evolutions (1) 500 Regions Visited (4) 800 Robots Destroyed (24) 120 Value Destroyed (570) 570 Prototype IDs (0) 0 Alien Tech Used (0) 0 Bonus (2) 2 TOTAL SCORE: 1992 Bonus ------- High Alert Combat Kills 2 Cogmind --------- Core Integrity 0/600 Matter 261/300 Energy 194/250 System Corruption 0% Temperature Cool (90) Movement Walking (120) Location -9/Mines Parts ------- > --- POWER (1) -------- Ion Engine > --- PROPULSION (2) --- Aluminum Leg Aluminum Leg > --- UTILITY (2) ------ (None) > --- WEAPON (2) ------- EM Pulse Cannon Rocket Launcher > --- INVENTORY (2) ---- EM Pulse Cannon EM Pulse Cannon Peak State ------------ > --- POWER ------------ Ion Engine > --- PROPULSION ------- Aluminum Leg Aluminum Leg > --- UTILITY ---------- Heavy Armor Plating > --- WEAPON ----------- EM Pulse Cannon EM Pulse Cannon > --- INVENTORY -------- Tractor Beam Rocket Launcher [Rating: 15] Favorites ----------- Power Ion Engine Engine Ion Engine Propulsion Aluminum Leg Leg Aluminum Leg Utility Tractor Beam Device Tractor Beam Processor Targeting Computer Protection Heavy Armor Plating Weapon Rocket Launcher Energy Gun Small Laser Energy Cannon EM Pulse Cannon Ballistic Cannon Light Cannon Launcher Rocket Launcher Build | -11 -10 -10 -9 -9 ------- Run | Scr Mat Min Mat Min Slots Evolved 3 | 3 . . . . Power . | . . . . . Propulsion 1 | 1 . . . . Utility 1 | 1 . . . . Weapon 1 | 1 . . . . Parts Attached 11 | . 1 5 5 . Power . | . . . . . Engine . | . . . . . Core . | . . . . . Reactor . | . . . . . Propulsion 2 | . . 1 1 . Treads . | . . . . . Leg 2 | . . 1 1 . Wheel . | . . . . . Hover . | . . . . . Flight . | . . . . . Utility 4 | . . 3 1 . Device 2 | . . 2 . . Storage . | . . . . . Processor 1 | . . 1 . . Hackware . | . . . . . Protection 1 | . . . 1 . Artifact . | . . . . . Weapon 5 | . 1 1 3 . Energy Gun . | . . . . . Energy Cannon 2 | . . . 2 . Ballistic Gun . | . . . . . Ballistic Cannon 1 | . 1 . . . Launcher 2 | . . 1 1 . Special Weapon . | . . . . . Impact Weapon . | . . . . . Slashing Weapon . | . . . . . Piercing Weapon . | . . . . . Special Melee Weapon . | . . . . . Unidentified Prototypes . | . . . . . Parts Lost 1 | . . . 1 . Power . | . . . . . Propulsion . | . . . . . Utility 1 | . . . 1 . Weapon . | . . . . . Highest Loss Streak 1 | . . . 1 . Average Slot Usage (%) 85 | . 45 90 87 71 Engine 14 | . 14 14 14 14 Leg 25 | . 14 24 28 28 Device 7 | . . 13 2 . Processor 5 | . . 8 2 . Protection 4 | . . . 10 . Energy Gun 2 | . 14 2 . . Energy Cannon 6 | . . . 15 14 Ballistic Cannon 8 | . 3 14 3 . Launcher 9 | . . 11 9 14 Naked Turns . | . . . . . Heaviest Build 32 | 6 9 14 32 . Greatest Support 20 | 10 10 20 20 . Greatest Overweight (x) 1 | . . 1 1 . Average Overweight (x) . | . . . . . Largest Inventory Capacity 2 | . . . 2 2 Average Capacity . | . . . 1 2 Most Carried 2 | . . . 2 2 Average Carried . | . . . 1 2 Final Capacity 2 | . . . 2 2 Final Carried 2 | . . . 2 2 Class Distribution -------------------- 98% | Mutant Dominant Class ---------------- Mutant | -10/Materials Mutant | -10/Mines Mutant | -9/Materials Mutant | -9/Mines Resources | -11 -10 -10 -9 -9 ----------- Run | Scr Mat Min Mat Min Matter Collected 513 | 200 . 130 183 . Remotely 40 | . . 40 . . Salvage Created 445 | . . 104 341 . Parts 53 | . . 12 38 3 Haulers Intercepted . | . . . . . Recyclers Shooed 1 | . . 1 . . Parts Field Recycled . | . . . . . Retrieved Matter . | . . . . . Parts Self-Destructed . | . . . . . Prevented . | . . . . . Kills | -11 -10 -10 -9 -9 ------- Run | Scr Mat Min Mat Min Combat Hostiles Destroyed 18 | . . 4 13 1 Cannons 4 | . . . 3 1 AOE 13 | . . 4 9 . Classes Destroyed 8 | . . 4 4 . Worker 1 | . . 1 . . Builder 3 | . . . 3 . Recycler 1 | . . 1 . . Operator 1 | . . . 1 . Swarmer 6 | . . 3 3 . Grunt 10 | . . 1 8 1 Duelist 1 | . . . 1 . Sentry 1 | . . . 1 . Best Kill Streak 7 | . . 3 7 1 Combat Bots Only 5 | . . 3 5 1 Max Kills in Single Turn 3 | . . 2 3 1 Gunslinging . | . . . . . Exploded 2 | . . 2 2 . Melee . | . . . . . Uniques/NPCs Destroyed . | . . . . . Combat | -11 -10 -10 -9 -9 -------- Run | Scr Mat Min Mat Min Damage Taken 1302 | . . 163 1038 101 Core 824 | . . 126 619 79 Absorbed by Shields . | . . . . . Redirected to Core 724 | . . 117 528 79 Core Remaining (%) 89 | 100 . 79 . . Volleys Fired 35 | . . 15 18 2 Largest 2 | . . 2 2 2 Hottest 126 | . . 68 126 96 Shots Fired 47 | . . 20 23 4 Gun . | . . . . . Cannon 30 | . . 15 13 2 Launcher 17 | . . 5 10 2 Special . | . . . . . Kinetic 15 | . . 15 . . Thermal . | . . . . . Explosive 17 | . . 5 10 2 Electromagnetic 15 | . . . 13 2 Robot Hit Streak 15 | . . 6 15 2 Robot Miss Streak 2 | . . 2 1 1 Penetration Max . | . . . . . Secondary Targets . | . . . . . Shots Hit Robots 32 | . . 12 18 2 Core Hits 34 | . . 6 23 5 Critical Hits 1 | . . . 1 . Critical Kills 1 | . . . 1 . Critical Parts Destroyed . | . . . . . Melee Attacks . | . . . . . Impact . | . . . . . Slashing . | . . . . . Piercing . | . . . . . Sneak Attacks . | . . . . . Combat Hostiles . | . . . . . Follow-up Attacks . | . . . . . Damage Inflicted 1962 | . . 597 1254 111 Guns . | . . . . . Cannons 447 | . . 116 279 52 Explosions 1515 | . . 481 975 59 Melee . | . . . . . Ramming . | . . . . . Kinetic 116 | . . 116 . . Thermal 132 | . . . 132 . Explosive 1383 | . . 481 843 59 Electromagnetic 331 | . . . 279 52 Impact . | . . . . . Slashing . | . . . . . Piercing . | . . . . . Highest Corruption . | . . . . . Average Corruption . | . . . . . Corruption Purged . | . . . . . Overload Shots . | . . . . . Overflow Damage 98 | . . 58 40 . Projectiles 12 | . . 12 . . Explosions 86 | . . 46 40 . Melee . | . . . . . Knockbacks 2 | . . 2 . . Impact . | . . . . . Kinetic 2 | . . 2 . . Secondary . | . . . . . Self-Inflicted Damage 216 | . . 28 158 30 Shots 7 | . . 1 5 1 Rammed . | . . . . . Targets Rammed . | . . . . . Kicked . | . . . . . Crushed . | . . . . . Highest Temperature 288 | . . 51 288 81 Average Temperature 116 | . . 26 152 49 Received Heat Transfer 414 | . . 63 309 42 Effects 4 | . . . 4 . Energy Bleed 3 | . . . 3 . Interference 1 | . . . 1 . Siege Activations . | . . . . . Robots Corrupted 1 | . . . 1 . Combat Hostiles 1 | . . . 1 . Parts Fried 2 | . . . 2 . Impact Corruptions . | . . . . . Robots Melted . | . . . . . Combat Hostiles . | . . . . . Parts Melted . | . . . . . Heat Transferred 100 | . . . 100 . Parts Sabotaged . | . . . . . Parts Stolen . | . . . . . Parts Stripped . | . . . . . Power Chain Reactions 1 | . . . 1 . Missiles Intercepted . | . . . . . Alert | -11 -10 -10 -9 -9 ------- Run | Scr Mat Min Mat Min Peak Influence 434 | . 22 70 434 129 Average Influence 98 | . 11 36 181 114 Maximum Alert Level 2 | . . . 2 . Low Security (%) 79 | 100 100 100 53 100 Level 1 15 | . . . 34 . Level 2 5 | . . . 12 . Level 3 . | . . . . . Level 4 . | . . . . . Level 5 . | . . . . . High Security . | . . . . . Max Security . | . . . . . Squads Dispatched 3 | . . . 3 . Investigation 3 | . . . 3 . Extermination . | . . . . . Reinforcement . | . . . . . Assault . | . . . . . Garrison . | . . . . . Intercept . | . . . . . Construction Impeded . | . . . . . Haulers Reinforced . | . . . . . Stealth | -11 -10 -10 -9 -9 --------- Run | Scr Mat Min Mat Min Distress Signals 2 | . . . 2 . Communications Jammed . | . . . . . Distress Signals . | . . . . . Times Spotted 32 | . 1 5 23 3 Peak Tracking Total 7 | . 1 3 7 3 Tactical Retreats 1 | . . 1 . . Traps | -11 -10 -10 -9 -9 ------- Run | Scr Mat Min Mat Min Traps Triggered 2 | . . . 2 . Indirectly . | . . . . . Trap Hack Attempts . | . . . . . Triggered . | . . . . . Disarmed . | . . . . . Reprogrammed . | . . . . . Reused . | . . . . . Traps Extracted . | . . . . . Installed . | . . . . . Triggered . | . . . . . Machines | -11 -10 -10 -9 -9 ---------- Run | Scr Mat Min Mat Min Machines Disabled 5 | . . 1 4 . Max in Single Turn 2 | . . 1 2 . Machines Sabotaged . | . . . . . Garrisons Compromised . | . . . . . Overloaded Fab Kills . | . . . . . Fab Network Shutdowns . | . . . . . Hacking | -11 -10 -10 -9 -9 --------- Run | Scr Mat Min Mat Min Machines Accessed 10 | . 2 1 7 . Terminals 8 | . 2 1 5 . Fabricators . | . . . . . Repair Stations . | . . . . . Recycling Units 1 | . . . 1 . Scanalyzers 1 | . . . 1 . Garrison Access . | . . . . . Total Hacks 23 | . 4 3 16 . Successful 19 | . 3 2 14 . Failed 4 | . 1 1 2 . Catastrophic . | . . . . . Database Lockouts . | . . . . . Manual 23 | . 4 3 16 . Terminals 20 | . 4 3 13 . Fabricators . | . . . . . Repair Stations . | . . . . . Recycling Units 2 | . . . 2 . Scanalyzers 1 | . . . 1 . Garrison Access . | . . . . . Terminal Hacks . | . . . . . Fabricator Hacks . | . . . . . Repair Station Hacks . | . . . . . Recycling Unit Hacks . | . . . . . Scanalyzer . | . . . . . Garrison Access Hacks . | . . . . . Unauthorized Hacks 42 | . 7 5 30 . Terminals 16 | . 3 2 11 . Track 2 | . . . 2 . Assimilate 2 | . . . 2 . Botnet 6 | . 2 1 3 . Detonate 2 | . . . 2 . Operators 4 | . 1 1 2 . Fabricators . | . . . . . Repair Stations . | . . . . . Recycling Units 2 | . . . 2 . Monitor 1 | . . . 1 . Mask 1 | . . . 1 . Scanalyzers 1 | . . . 1 . Extract 1 | . . . 1 . Garrison Access . | . . . . . Data Cores Recovered 1 | . . . 1 . Used . | . . . . . Hacking Detections 7 | . 2 1 4 . Full Trace Events . | . . . . . Feedback Events . | . . . . . Feedback Blocked . | . . . . . Robot Schematics Acquired . | . . . . . Robots Built . | . . . . . Matter . | . . . . . Time . | . . . . . Total Robot Build Rating . | . . . . . Part Schematics Acquired 5 | . . . 5 . Parts Built . | . . . . . Matter . | . . . . . Time . | . . . . . Total Part Build Rating . | . . . . . Parts Repaired . | . . . . . Time . | . . . . . Parts Recycled . | . . . . . Recycled Matter . | . . . . . Retrieved Matter . | . . . . . Retrieved Components . | . . . . . Parts Scanalyzed . | . . . . . Part Schematics Acquired . | . . . . . Parts Damaged . | . . . . . Bothacking | -11 -10 -10 -9 -9 ------------ Run | Scr Mat Min Mat Min Used RIF Installer . | . . . . . Robots Hacked . | . . . . . Non-combat . | . . . . . Combat . | . . . . . Robot Hacks Applied . | . . . . . Relay Couplers Released . | . . . . . Robots Rewired . | . . . . . Allies Hacked . | . . . . . Hacks Repelled . | . . . . . Allies | -11 -10 -10 -9 -9 -------- Run | Scr Mat Min Mat Min Total Allies . | . . . . . Largest Group . | . . . . . Highest-Rated Group . | . . . . . Highest-Rated Ally . | . . . . . Total Orders . | . . . . . Ally Attacks . | . . . . . Total Damage . | . . . . . Kills . | . . . . . Allies Corrupted . | . . . . . Allies Melted . | . . . . . Intel | -11 -10 -10 -9 -9 ------- Run | Scr Mat Min Mat Min Robot Analysis Total . | . . . . . Derelict Logs Recovered 1 | . . 1 . . Drone Launches . | . . . . . Drone Recoveries . | . . . . . Exploration | -11 -10 -10 -9 -9 ------------- Run | Scr Mat Min Mat Min Turns Passed 1072 | 3 84 510 471 4 Spaces Moved 736 | 3 69 375 289 . Core . | . . . . . Treads . | . . . . . Legs 736 | 3 69 375 289 . Wheels . | . . . . . Hover . | . . . . . Flight . | . . . . . Fastest Speed 120 | 120 120 120 120 . Average Speed 128 | 120 120 120 140 . Slowest Speed 150 | 120 120 150 150 . Overloaded Moves . | . . . . . Propulsion Burnouts . | . . . . . Robots Hopped . | . . . . . Cave-ins Triggered . | . . . . . Exploration Rate (%) 30 | 3 27 78 40 3 Regions Visited 4 Branch Regions 2 Pre-discovered Areas 1 | . . 1 . . Known Exits Taken . | . . . . . Unknown Exits Taken 4 | 1 1 1 1 . Scrap Searched 2 | . . 2 . . Spaces Dug . | . . . . . Terrain Destroyed 141 | . . 41 82 18 Melee . | . . . . . Projectile . | . . . . . AOE 141 | . . 41 82 18 Actions | -11 -10 -10 -9 -9 --------- Run | Scr Mat Min Mat Min Total 815 | 2 69 411 331 2 Wait 16 | . . 15 1 . Move 732 | 2 68 374 288 . Hop . | . . . . . Pick Up 1 | . . . 1 . Fast Attach 9 | . 1 5 3 . Attach . | . . . . . Detach 3 | . . . 3 . Swap 2 | . . . 2 . Drop 5 | . . 2 3 . Fire 35 | . . 15 18 2 Melee . | . . . . . Ram . | . . . . . Kick . | . . . . . Crush . | . . . . . Escape Stasis . | . . . . . Rewire . | . . . . . Trap . | . . . . . Miscellaneous 12 | . . . 12 . Route ------- -11/Scrapyard -10/Materials -10/Mines -9/Materials -9/Mines History --------- Turn | Location | Event 1 | -11/Scrapyard | Upgraded with Propulsion slot (x1) 1 | -11/Scrapyard | Upgraded with Utility slot (x1) 1 | -11/Scrapyard | Upgraded with Weapon slot (x1) 1 | -11/Scrapyard | Discovered new exit (range 3) 4 | -11/Scrapyard | Entered Materials 72 | -10/Materials | Discovered new exit (range 13) 88 | -10/Materials | Entered Mines 160 | -10/Mines | Received a Rocket Launcher from a helpful Derelict 275 | -10/Mines | Learned location of Storage (-7) 314 | -10/Mines | Build established: Mutant 580 | -10/Mines | Discovered new exit (range 16) 598 | -10/Mines | Entered Materials 600 | -9/Materials | Reached level 2 817 | -9/Materials | Reached level 3 952 | -9/Materials | Discovered new exit (range 17) 1042 | -9/Materials | Reached level 4 1052 | -9/Materials | Core integrity fell below 50% 1065 | -9/Materials | Core integrity fell below 20% 1069 | -9/Materials | Entered Mines 1073 | -9/Mines | Destroyed by G-47 Trooper with Particle Gun Last Messages --------------- 01058_ U-05 Engineer lays Concrete. 01059_ K-01 Serf collects debris. 01060_ Machine disabled. 01060_ U-05 Engineer lays Concrete. 01061_ K-01 Serf collects debris. 01061_ U-05 Engineer lays Concrete. 01063_ K-01 Serf collects debris. 01064_ U-05 Engineer lays Concrete. 01064_ K-01 Serf collects debris. 01067_ U-05 Engineer lays Concrete. 01067_ K-01 Serf collects debris. 01068_ U-05 Engineer lays Concrete. 01068_ K-01 Serf collects debris. LOCATION=UNKNOWN GOAL=ESCAPE Something is scanning the area. 01070_ C-30 ARC bursts open, deploying its payload. 01070_ G-47 Trooper unfolds itself. 01070_ G-34 Mercenary unfolds itself. 01072_ G-34 Mercenary destroyed. Map ----- +----------------------------------------------------+ | ?????????????????????????????????????????????????? | | ?????????????????????????????????????????????????? | | ?????????????????????????????????????????????????? | | ?????????????????????????????????????????????????? | | ?????????????????????????????????????????????????? | | ?????????????????????????????????????????????????? | | ?????????????????????????????????????????????????? | | ?????????????????????????????????????????????????? | | ?????????????????????????????????????????????????? | | ?????????????????????????????????????????????????? | | ?????????????????????????????????????????????????? | | ?????????????????????????????????????????????????? | | ?????????????????????????????????????????????????? | | ?????????????????????????????????????????????????? | | ??????????????????????????##?????????????????????? | | ?????????????????????????? ?????????????????????? | | ?????????????????????????? #????#????????????????? | | ?????????????????????##### #???# ????????????????? | | ????????????????????## #??# ?????????????????? | | ????????????????????# ### ??????????????????? | | ???????????????????## # ???????????????????? | | ???????????????????# ????????????????????? | | ????????????????????# #????????????????????? | | ????????????????????# g%= #????????????????????? | | ????????????????????# g= ##????????????????????? | | ????????????????????# @ #????????????????????? | | ????????????????????# #????????????????????? | | ????????????????????#########????????????????????? | | ?????????????????????????????????????????????????? | | ?????????????????????????????????????????????????? | | ?????????????????????????????????????????????????? | | ?????????????????????????????????????????????????? | | ?????????????????????????????????????????????????? | | ?????????????????????????????????????????????????? | | ?????????????????????????????????????????????????? | | ?????????????????????????????????????????????????? | | ?????????????????????????????????????????????????? | | ?????????????????????????????????????????????????? | | ?????????????????????????????????????????????????? | | ?????????????????????????????????????????????????? | | ?????????????????????????????????????????????????? | | ?????????????????????????????????????????????????? | | ?????????????????????????????????????????????????? | | ?????????????????????????????????????????????????? | | ?????????????????????????????????????????????????? | | ?????????????????????????????????????????????????? | | ?????????????????????????????????????????????????? | | ?????????????????????????????????????????????????? | | ?????????????????????????????????????????????????? | | ?????????????????????????????????????????????????? | +----------------------------------------------------+ Best States ------------- Heat Dissipation 35 Energy Generation 10 Energy Capacity 250 Matter Stores 300 Matter Capacity 300 Sight Range 18 Terrain Scan Density 10 Armor Coverage 600 Evasion (%) 40 Targeting Accuracy 5 Offensive Hacking 25 Item Schematics ----------------- Shield Generator | -9/Materials | Extracted Mace | -9/Materials | Extracted Spread Laser | -9/Materials | Extracted Imp. Terrain Scanner | -9/Materials | Extracted Sml. Matter Pod | -9/Materials | Extracted Robot Schematics ------------------ None Fabricated ------------ Nothing Alien Tech Used ----------------- None Achievements -------------- None Challenges ------------ None RPGLIKE | -11 -10 -10 -9 -9 --------- Run | Scr Mat Min Mat Min Levels Raised 3 | . . . 3 . XP Earned 8161 | 3000 110 1025 3426 600 XP Spent 7150 | 2500 . . 4650 . Upgrades 15 | 7 . . 8 . Propulsion Slot 1 | 1 . . . . Utility Slot 1 | 1 . . . . Weapon Slot 1 | 1 . . . . Inventory Capacity 2 | . . . 2 . Sight Range 2 | 2 . . . . Ranged Accuracy 3 | . . . 3 . Hack Attack % 5 | 2 . . 3 . Protomatter Created 160 | . . . 122 38 Integrity Restored 249 | . . . 249 . Core 220 | . . . 220 . Parts 29 | . . . 29 . Protomatter Decayed 1 | . . . 1 . Game ------ Seed LegColdCorpse Manual? 0 Play Time 00:12:01 Cumulative 214.1 hours Start 2020.01.29 @ 10:19:39 End 2020.01.29 @ 10:31:44 Sessions 1 Manual Loads 0 Difficulty Rogue Special Mode Winter2019/RPGLIKE Game No. 343 Rogue 342 Adventurer 0 Explorer 1 Win Type - Total 1 Types 1/0/0/0/0/0/0 Lore% 60 Gallery% 77 Achievement% 50 Wizard Run 0 Options --------- ASCII 0 Keyboard 1 Movement Vi Keybinds 0 Fullscreen 1 Font 14/Cog Map View 72x52 Tactical HUD 1 Map Filters NONE Filters LOW_CONTRAST(13,24,33) Steam 0 RUN: bf27a0f0-ded6-49cf-bf63-e8279fcfae77